 Dungeon Crawl Stone Soup version 0.29-a0-885-gb26ba3297d (webtiles) character file.

Game seed: 5387014780656259515

2700 wilfster70 the Magician (level 9, 0/66 HPs)
             Began as a Djinni Fire Elementalist on July 21, 2022.
             Slain by a wight
             ... wielding a +2 morningstar
              (14 damage)
             ... on level 7 of the Dungeon.
             The game lasted 00:21:46 (5245 turns).

wilfster70 the Magician (Djinni Fire Elementalist)  Turns: 5245, Time: 00:21:47

Health: 0/66       AC:  6    Str:  7    XL:     9   Next: 97%
Gold:   394        EV: 14    Int: 21    God:
                   SH:  0    Dex: 14

rFire   + + .      SeeInvis .   a - +0 sling (flame)
rCold   x . .      Faith    .   (no shield)
rNeg    . . .      Spirit   .   j - +0 robe of Esiqal {Regen+}
rPois   ∞          Reflect  .   e - +0 helmet
rElec   .          Harm     .   (no cloak)
rCorr   .          Rampage  .   d - +2 pair of gloves {hurl}
Will    .....                   (boots unavailable)
Stlth   ++........              t - amulet of regeneration
HPRegen 1.81/turn               l - ring of wizardry
MPRegen 0.00/turn               (no ring)

@: flying
A: sickness immunity, fire resistance 2, cold vulnerability 1, float, innate
caster, HP casting, extra vitality 1
a: no special abilities


You were on level 7 of the Dungeon.
You visited 1 branch of the dungeon, and saw 7 of its levels.

You collected 394 gold pieces.

Inventory:

Hand Weapons
 a - a +0 sling of flaming (weapon)
 b - the +0 quarterstaff "Dagas" {venom, Str+2 Int+4}
   (You found it on level 6 of the Dungeon)

   It poisons the flesh of those it strikes.
   Str:       It affects your strength (+2).
   Int:       It affects your intelligence (+4).
 u - a +0 dagger of venom
Missiles
 c - 7 javelins
 n - a throwing net
 o - 11 poisoned darts
Armour
 d - a +2 pair of gloves of hurling (worn)
 e - a +0 helmet (worn)
 j - the +0 robe of Esiqal (worn) {Regen+}
   (You found it on level 2 of the Dungeon)

   Regen:     It increases your rate of health regeneration.
Jewellery
 l - a ring of wizardry (left hand)
 t - an amulet of regeneration (around neck)
 y - a +6 ring of strength
Wands
 q - a wand of mindburst (18)
 x - a wand of flame (20)
Potions
 f - 4 potions of curing
 g - 2 potions of lignification
 h - a potion of haste
 i - 2 potions of heal wounds
 m - 3 potions of brilliance
 p - a potion of resistance
 s - a potion of mutation
 v - a potion of might
 w - a potion of ambrosia


   Skills:
 - Level 6.0 Fighting
 + Level 4.1 Ranged Weapons
 - Level 6.0 Dodging
 - Level 1.5 Stealth
 - Level 7.1 Spellcasting


You had one spell level left.
You knew the following spells:

 Your Spells              Type           Power      Damage    Failure   Level
a - Foxfire               Conj/Fire      100%       2x1d9     1%          1
b - Scorch                Fire           74%        2d8       1%          2
c - Conjure Flame         Conj/Fire      37%        6-21      1%          3
d - Inner Flame           Hex/Fire       37%        N/A       1%          3
e - Flame Wave            Conj/Fire      37%        2d9       1%          4
f - Necrotise             Necr           100%       1d9       1%          1
g - Static Discharge      Conj/Air       37%        3-8/arc   1%          2
h - Blink                 Tloc           74%        N/A       1%          2
i - Ignite Poison         Fire/Tmut/Pois 37%        N/A       1%          3
Your spell library was empty.

Dungeon Overview and Level Annotations

Branches:
Dungeon (7/15)
 Temple: D:4-7

Altars:
Dithmenos
Nemelex Xobeh
The Shining One


Innate Abilities, Weirdness & Mutations

You are immune to sickness and miasma.
You are immune to poison.
Your flesh is very heat resistant. (rF++)
You are vulnerable to cold. (rC-)
You float through the air rather than walking.
You learn spells naturally, not from books.
Your magical power is your life essence.
You have superior vitality. (+4 MHP)


Message History

The centaur hits you. The centaur barely misses you.
The bullfrog closely misses you. The centaur closely misses you.
The centaur kicks you but does no damage.
Casting: Static Discharge (safe; 1% risk of failure)
Confirm with . or Enter, or press ? or * to list all spells.
The bullfrog is struck by an arc of lightning!
You kill the bullfrog!
You are struck by an arc of lightning.
The lightning grounds out.
The centaur completely misses you. The centaur barely misses you.
The wight hits you with a +2 morningstar!
Casting: Static Discharge (safe; 1% risk of failure)
Confirm with . or Enter, or press ? or * to list all spells.
The centaur is struck by an arc of lightning!
You kill the centaur!
You are struck by an arc of lightning.
The lightning grounds out.
The wight is struck by an arc of lightning.
The wight is almost destroyed.
The scorpion is struck by an arc of lightning.
The scorpion is lightly wounded.
The lightning grounds out.
The wight hits you but does no damage. The scorpion stings you.
Casting: Static Discharge (safe; 1% risk of failure)
Confirm with . or Enter, or press ? or * to list all spells.
The scorpion is struck by an arc of lightning.
The scorpion is moderately wounded.
You are struck by an arc of lightning.
The scorpion is struck by an arc of lightning.
The scorpion is severely wounded.
You are struck by an arc of lightning.
The lightning grounds out.
The wight closely misses you.
The scorpion stings you but does no damage.
Casting: Static Discharge (safe; 1% risk of failure)
Confirm with . or Enter, or press ? or * to list all spells.
Flames lash the scorpion.
You kill the scorpion!
The wight hits you with a +2 morningstar!
* * * LOW HITPOINT WARNING * * *
Your Ranged Weapons skill increases to level 4!
The wight hits you with a +2 morningstar!
You die...

......#...# ###
..........# ... ..
..........# .. ...
..#.......# ..#....
..........######<#......
............#.#.........
...........!............
#...................
###@#####......[....
#[...)z..?#...#.##....
#[#.#.#.#$##..#..##..#
#......?##...##.....# ##
.#. ##.....#.#.... .. ..
#...#........ .# #.
#...##....... ##
##....###......
#.............


You could see a wight.

Vanquished Creatures
  Prince Ribbit (D:6)
  2 water moccasins
  2 ogres (D:6)
  4 centaurs
  2 bullfrogs
  A necrophage (D:5)
  2 scorpions
  6 wights
  3 hounds
  4 jellies
  3 gnoll boudas (D:6)
  9 orc priests
  4 iguanas
  4 orc wizards
  9 adders
  15 gnolls
  2 shadow imps
  3 white imps
  An ufetubus (D:6)
  4 worms
  2 dart slugs (D:1)
  28 orcs
  8 ball pythons
  2 bats
  11 endoplasms
  6 giant cockroaches
  10 goblins
  10 hobgoblins
  10 quokkas
  4 frilled lizards
  6 kobolds
  5 rats
183 creatures vanquished.

Vanquished Creatures (collateral kills)
  A goblin (D:3)
1 creature vanquished.

Vanquished Creatures (others)
  117 foxfires
117 creatures vanquished.

Grand Total: 301 creatures vanquished

Notes
Turn   | Place    | Note
-------+----------+-------------------------------------------
     0 | D:1      | wilfster70 the Djinni Fire Elementalist began the quest for
                  | the Orb.
     0 | D:1      | wilfster70 set off with the following spells memorised:
                  | Foxfire, Scorch, Conjure Flame, Inner Flame, Flame Wave.
     0 | D:1      | Reached XP level 1. HP: 15/15 MP: 0/0
   109 | D:1      | Reached XP level 2. HP: 17/21 MP: 0/0
   416 | D:1      | Reached skill level 3 in Spellcasting
   576 | D:1      | Found a faded altar of an unknown god.
   628 | D:1      | Reached XP level 3. HP: 23/25 MP: 0/0
   628 | D:1      | Learned a level 1 spell: Necrotise
  1084 | D:2      | Identified the +0 robe of Esiqal {Regen+}
  1239 | D:2      | Reached XP level 4. HP: 30/31 MP: 0/0
  1474 | D:2      | Found a glowing golden altar of the Shining One.
  1535 | D:2      | Reached skill level 4 in Spellcasting
  1830 | D:2      | Reached XP level 5. HP: 19/35 MP: 0/0
  1830 | D:2      | Learned a level 2 spell: Static Discharge
  2110 | D:3      | Reached XP level 6. HP: 21/40 MP: 0/0
  2275 | D:3      | Reached skill level 5 in Spellcasting
  2803 | D:4      | Reached XP level 7. HP: 44/45 MP: 0/0
  2803 | D:4      | Learned a level 2 spell: Blink
  2999 | D:4      | Reached skill level 6 in Spellcasting
  3093 | D:4      | Reached skill level 1 in Fighting
  3398 | D:5      | Entered Level 5 of the Dungeon
  3604 | D:5      | Found a shadowy altar of Dithmenos.
  3661 | D:5      | Reached XP level 8. HP: 38/58 MP: 0/0
  3895 | D:5      | Reached skill level 5 in Fighting
  4138 | D:6      | Identified the +0 quarterstaff "Dagas" {venom, Str+2 Int+4}
  4354 | D:6      | Found a sparkling altar of Nemelex Xobeh.
  4399 | D:6      | Reached skill level 5 in Dodging
  4413 | D:6      | Reached XP level 9. HP: 39/66 MP: 0/0
  4413 | D:6      | Learned a level 3 spell: Ignite Poison
  4842 | D:6      | Noticed Prince Ribbit
  4848 | D:6      | Killed Prince Ribbit
  4849 | D:6      | Reached skill level 7 in Spellcasting
  5034 | D:6      | Reached skill level 1 in Ranged Weapons
  5245 | D:7      | Slain by a wight

Illustrated notes

Levels and vault maps discovered:
D:1:      wander_arrival_fairy_ring, layout_rooms, basic_ecumenical_altar,
          nicolae_figureground_sparkle
D:2:      layout_loops_ring, basic_altar, minmay_small_reverse_x
D:3:      layout_rooms, kennysheep_orc_chapel
D:4:      layout_loops_ring
D:5:      layout_cave_pools, mainiacjoe_overflow_cross_hatched,
          hangedman_abyss_or_decor_passed
D:6:      layout_cave_pods, general_overflow_altar, st_stairs_8,
          uniq_prince_ribbit1
D:7:      minmay_spotlight, layout_cave_pools, nicolae_ashenzari_panopticon,
          minmay_temple_entry_ruins, minmay_misc_feat_doors

Skill      XL: |  1  2  3  4  5  6  7  8  9 |
---------------+----------------------------+-----
Spellcasting   | 3 4 5 6 7 |  7.1
Fighting       | 3 6 |  6.0
Dodging        | 5 6 |  6.0
Ranged Weapons | 4 |  4.1
Stealth        | |  1.5

Action                   |  1- 3 |  4- 6 |  7- 9 || total
-------------------------+-------+-------+-------++-------
Melee: Quarterstaff      |       |       |     3 ||     3
 Fire: Sling             |    19 |     1 |    68 ||    88
 Cast: Foxfire           |    42 |    17 |     5 ||    64
       Scorch            |     5 |    61 |   105 ||   171
       Static Discharge  |       |     4 |    29 ||    33
       Necrotise         |       |     3 |       ||     3
  Use: Scroll            |     1 |     7 |     9 ||    17
       Potion            |       |       |     1 ||     1
Armor: Robe              |    12 |    50 |    37 ||    99
Dodge: Dodged            |    32 |    83 |   133 ||   248

Table legend: (Time is in decaauts)
 A = Elapsed time spent in this place.
 B = Non-inter-level travel time spent in this place.
 C = Inter-level travel time spent in this place.
 D = Time resting spent in this place.
 E = Time spent auto-exploring this place.
 F = Levels seen in this place.
 G = Mean time per level.
                   A        B        C        D        E       F      G
               +--------+--------+--------+--------+--------+-----+--------+
         Total |   5285 |   5147 |    138 |    839 |   2044 |   7 |  755.0 |
       Dungeon |   5285 |   5147 |    138 |    839 |   2044 |   7 |  755.0 |
               +--------+--------+--------+--------+--------+-----+--------+

Top non-repeatable levels by time:
     D:6: 977 daAuts
     D:2: 921 daAuts
     D:4: 881 daAuts
     D:1: 860 daAuts
     D:3: 779 daAuts
     D:5: 731 daAuts
     D:7: 135 daAuts
